 Dungeon Crawl Stone Soup version 0.31-a0-196-g86fe4a5e66 (webtiles) character file.

Game seed: 15266999000970581662

247 rabbitsville the Caller (level 6, -5/45 HPs)
             Began as a Hill Orc Summoner on June 24, 2023.
             Killed by nerve-wracking pain
             ... invoked by Grinder
              (8 damage)
             ... on level 4 of the Dungeon.
             The game lasted 00:12:13 (3063 turns).

rabbitsville the Caller (Hill Orc Summoner)         Turns: 3063, Time: 00:12:14

Health: -5/45      AC:  3    Str: 11    XL:     6   Next: 11%
Magic:  1/10       EV: 12    Int: 17    God:
Gold:   231        SH:  0    Dex: 11    Spells: 4/10 levels left

rFire   . . .        e - +0 broad axe
rCold   . . .        (no shield)
rNeg    . . .        a - +0 robe
rPois   .            j - +0 helmet
rElec   .            (no cloak)
rCorr   +            (no gloves)
SInv    .            (no boots)
Will    .....        (no amulet)
Stlth   ++           k - ring of resist corrosion
HPRegen 0.27/turn    (no ring)
MPRegen 0.12/turn

%: no passive effects
@: hasted, very quick
A: no striking features
a: no special abilities


You were on level 4 of the Dungeon.
You visited 1 branch of the dungeon, and saw 4 of its levels.

You collected 231 gold pieces.

Inventory:

Hand Weapons
 e - a +0 broad axe (weapon)
Armour
 a - a +0 robe (worn)
 j - a +0 helmet (worn)
Magical Staves
 w - a staff of death
Jewellery
 k - a ring of resist corrosion (left hand)
 p - a ring of willpower
Scrolls
 d - 3 scrolls of teleportation {unknown}
 g - a scroll of blinking {unknown}
 h - a scroll of immolation {unknown}
 i - 2 scrolls of identify {unknown}
 n - a scroll of enchant weapon {unknown}
 s - a scroll of silence {unknown}
 v - a scroll of torment {unknown}
Potions
 b - a potion of magic
 c - a potion of attraction {unknown}
 f - a potion of haste
 l - a potion of lignification {unknown}
 m - a potion of enlightenment {unknown}
 o - a potion of mutation {unknown}
 q - a potion of invisibility {unknown}
 r - a potion of might
 t - a potion of curing {unknown}
 u - a potion of brilliance {unknown}


   Skills:
 - Level 1.5 Dodging
 - Level 1.5 Stealth
 + Level 2.9 Spellcasting
 + Level 0.6 Hexes
 * Level 6.2 Summonings


You had 4 spell levels left.
You knew the following spells:

 Your Spells              Type           Power      Damage    Failure   Level
a - Summon Small Mammal   Summ           92%        N/A       1%          1
b - Call Imp              Summ           46%        N/A       1%          2
c - Call Canine Familiar  Summ           23%        N/A       4%          3

Your spell library contained the following spells:

 Spells                   Type           Power      Damage    Failure   Level
 Summon Guardian Golem    Hex/Summ       14%        N/A       13%         3
 Beastly Appendage        Tmut           4%         N/A       19%         1
 Wereblood                Tmut           2%         N/A       26%         2
 Summon Lightning Spire   Summ/Air       13%        N/A       43%         4
 Spider Form              Tmut/Pois      2%         N/A       47%         3


Dungeon Overview and Level Annotations

Branches:
Dungeon (4/15)
 Temple: D:4-7

Altars:

Shops:
D:1 [

Annotations:
D:3 2 transporters
D:4 Grinder


Message History

Your hound bites Grinder but does no damage.
Your hound closely misses Grinder.
Grinder hits your hound.
Your hound writhes in agony.
Your hound barely misses Grinder.
Grinder hits your hound.
Your hound writhes in agony.
Your hound dies!
Your hound's corpse disappears in a puff of smoke!
Your cerulean imp hits Grinder but does no damage.
Grinder closely misses your cerulean imp.
Your cerulean imp hits Grinder with a -2 spear.
Grinder gestures at you.
Your cerulean imp suddenly stops moving!
Your magical contamination has completely faded away.
Grinder hits your cerulean imp!
Your cerulean imp dies!
Your cerulean imp disappears in a puff of smoke!
Grinder attacks as you move away! Grinder hits you.
You writhe in agony.
Grinder gestures at you.
You suddenly lose the ability to move!
Grinder gestures at you. You resist with significant effort.
Grinder gestures at you. Pain shoots through your body!
Your hound completely misses Grinder.
Grinder gestures at you.
You shrug off the repeated paralysis!
Your hound bites Grinder.
You can move again.
You closely miss Grinder.
Grinder is lightly wounded.
Your hound barely misses Grinder.
Grinder hits you!
You writhe in agony.
Your hound bites Grinder.
Grinder hits you!
* * * LOW HITPOINT WARNING * * *
You writhe in agony.
* * * LOW HITPOINT WARNING * * *
Grinder attacks as you move away! Grinder hits you but does no damage.
Your hound bites Grinder.
Your hound misses Grinder. Grinder hits your hound!
Your hound dies!
Your hound's corpse disappears in a puff of smoke!
It was a potion of haste.
You feel yourself speed up. Grinder gestures at you.
Pain shoots through your body!
You die...

## ####.. .. ...... .#
.. ..... ##. .. ...##
#.. . #..### #.# #.#
#§...###.# ##.#
##§@...##.## #..#
#.###5.§.......## #..#
#<..$.#....###..####.#..
##..####...# ##..##.# #.
#.# #..## ##..).###. #..
#.## #.###.### ... #.#
#.## ##.#. .### #.# #.
##)# . .## ## #.#


You could see Grinder (strong).

Vanquished Creatures
  2 jellies (D:2)
  4 worms
  2 bats
  9 endoplasms
  A goblin (D:1)
  3 hobgoblins
  A jackal (D:1)
  A quokka (D:1)
  A frilled lizard (D:2)
  8 kobolds
  A rat (D:2)
33 creatures vanquished.

Vanquished Creatures (collateral kills)
  A jelly (D:2)
  Jessica (D:2)
  4 gnolls (D:4)
  An adder (D:2)
  An orc (D:4)
  2 bats (D:2)
  6 endoplasms
  7 goblins
  A hobgoblin (D:2)
  A jackal (D:1)
  3 kobolds
  A quokka (D:1)
  5 ball pythons
  3 frilled lizards
37 creatures vanquished.

Grand Total: 70 creatures vanquished

Notes
Turn   | Place    | Note
-------+----------+-------------------------------------------
     0 | D:1      | rabbitsville the Hill Orc Summoner began the quest for the
                  | Orb.
     0 | D:1      | Reached XP level 1. HP: 14/14 MP: 3/3
   208 | D:1      | You fall into a shaft and drop 1 floor!
   216 | D:1      | Reached XP level 2. HP: 20/20 MP: 2/4
   522 | D:1      | Found Wegoon's Antique Armour Shoppe.
   702 | D:1      | Reached XP level 3. HP: 26/26 MP: 6/6
   910 | D:2      | Noticed Jessica
   919 | D:2      | Learned a level 2 spell: Call Imp
   923 | D:2      | Killed Jessica
   929 | D:2      | Reached skill level 5 in Summonings
  1016 | D:2      | Reached XP level 4. HP: 31/33 MP: 4/7
  1520 | D:2      | Learned a level 3 spell: Call Canine Familiar
  1597 | D:2      | Reached XP level 5. HP: 9/38 MP: 5/8
  1870 | D:2      | Reached skill level 6 in Summonings
  2117 | D:3      | Found a transporter.
  2136 | D:3      | Noticed a kobold demonologist
  2142 | D:3      | Found a transporter.
  2897 | D:4      | Reached XP level 6. HP: 28/45 MP: 1/10
  3045 | D:4      | Noticed Grinder
  3056 | D:4      | Paralysed by Grinder for 5 turns
  3061 | D:4      | HP: 2/45 [Grinder (2)]
  3063 | D:4      | Killed from afar by Grinder

Illustrated notes

Levels and vault maps discovered:
D:1:      dpeg_arrival_lava_temple_mockup, layout_loops_ring, serial_shops,
          nicolae_shop_advertising_works [nicolae_subvault_shop_adworks]
D:2:      cheibrodos_fertilizer, layout_loops_corners, chequers_avenue,
          hangedman_decor_points, uniq_jessica
D:3:      gammafunk_wand_slinger, layout_loops_corners
D:4:      layout_layer_cave, nicolae_sif_muna_condensation, item_on_display_a,
          uniq_grinder, uniq_crazy_yiuf_cottage

Skill      XL: |  1  2  3  4  5 |
---------------+----------------+-----
Spellcasting   | 2 |  2.9
Summonings     | 5 6 |  6.2
Dodging        | |  1.5
Stealth        | |  1.5
Hexes          | |  0.6

Action                     |  1- 3 |  4- 6 || total
---------------------------+-------+-------++-------
  Melee: Broad axe         |    29 |    50 ||    79
   Cast: Summon Small Mamm |    18 |       ||    18
         Call Imp          |     3 |     7 ||    10
         Call Canine Famil |       |    14 ||    14
    Use: Potion            |       |     1 ||     1
   Stab: Sleeping          |     4 |     1 ||     5
         Distracted        |       |     1 ||     1
 Armour: Robe              |     7 |    13 ||    20
  Dodge: Dodged            |    20 |    43 ||    63

Table legend: (Time is in decaauts)
 A = Elapsed time spent in this place.
 B = Non-inter-level travel time spent in this place.
 C = Inter-level travel time spent in this place.
 D = Time resting spent in this place.
 E = Time spent auto-exploring this place.
 F = Levels seen in this place.
 G = Mean time per level.
                   A        B        C        D        E       F      G
               +--------+--------+--------+--------+--------+-----+--------+
         Total |   3108 |   3017 |     91 |     69 |   1532 |   4 |  777.0 |
       Dungeon |   3108 |   3017 |     91 |     69 |   1532 |   4 |  777.0 |
               +--------+--------+--------+--------+--------+-----+--------+

Top non-repeatable levels by time:
     D:2: 1145 daAuts
     D:1: 885 daAuts
     D:3: 830 daAuts
     D:4: 246 daAuts
